 Dungeon Crawl Stone Soup version 0.26.1-11-gd32895ea62 (webtiles) character file.

Game seed: 17500389662576755068

189 vvl the Stinger (level 5, 0/33 HPs)
             Began as an Octopode Transmuter on July 15, 2021.
             Slain by an orc
             ... wielding a +0 falchion
              (5 damage)
             ... on level 3 of the Dungeon.
             The game lasted 00:05:56 (3179 turns).

vvl the Stinger (Octopode Transmuter)               Turns: 3179, Time: 00:05:56

Health: 0/33       AC:  1    Str: 16    XL:     5   Next: 68%
Magic:  8/8        EV: 13    Int: 15    God:
Gold:   102        SH:  0    Dex: 13    Spells: 4/8 levels left

rFire    . . .     SeeInvis .   e - +0 dagger (venom)
rCold    . . .     Faith    .   (no shield)
rNeg     . . .     Spirit   .   (helmet currently unavailable)
rPois    .         Reflect  .   (no amulet)
rElec    .         Harm     .   p - +6 ring of strength
rCorr    .         Rampage  .   (no ring)
Will     .....                  (no ring)
Stlth    ++........             (no ring)
HPRegen  0.11/turn              (no ring)
MPRegen  0.11/turn              (no ring)
                                (no ring)
                                (no ring)

@: appendages
A: almost no armour, stealthy swim, amphibious, 8 rings, constrict 8, tentacle
spike 3, camouflage 1, gelatinous body 1
a: End Transformation


You were on level 3 of the Dungeon.
One of your tentacles had a temporary spike.
You visited 1 branch of the dungeon, and saw 3 of its levels.

You collected 102 gold pieces.

Inventory:

Hand Weapons
 e - a +0 dagger of venom (weapon)
Jewellery
 p - a +6 ring of strength (left tentacle)
Scrolls
 a - a scroll of magic mapping {unknown}
 b - 2 scrolls of identify {unknown}
 g - a scroll of teleportation {unknown}
 h - 2 scrolls of remove curse {unknown}
 o - a scroll of fear {unknown}
Potions
 c - 3 potions of curing {unknown}
 d - 2 potions of degeneration {unknown}
 f - a potion of resistance {unknown}
 i - a potion of attraction {unknown}
 j - a potion of might {unknown}
 k - a potion of lignification {unknown}
 l - a potion of mutation {unknown}
 m - a potion of invisibility {unknown}
 n - a potion of flight {unknown}
 q - a potion of magic {unknown}


   Skills:
 - Level 1.0 Fighting
 - Level 2.0 Dodging
 - Level 3.0 Unarmed Combat
 + Level 2.1 Spellcasting
 + Level 4.1 Transmutations
 + Level 4.2 Poison Magic


You had 4 spell levels left.
You knew the following spells:

 Your Spells              Type           Power        Failure   Level
a - Beastly Appendage     Tmut           28%          4%          1
b - Spider Form           Tmut/Pois      7%           12%         3

Your spell library contained the following spells:

 Spells                   Type           Power        Failure   Level
 Wereblood                Tmut           14%          6%          2
 Ice Form                 Ice/Tmut       7%           67%         4
 Blade Hands              Tmut           7%           73%         5


Dungeon Overview and Level Annotations

Branches:
Dungeon (3/15)

Altars:
Trog
Vehumet


Innate Abilities, Weirdness & Mutations

You cannot wear most types of armour.
You are very stealthy in the water. (Stealth+)
You are amphibious.
You can wear up to eight rings at the same time.
You can use your tentacles to constrict eight enemies at once.
Your skin changes colour to match your surroundings (Stealth+).
Your rubbery body absorbs attacks. (AC +1, EV +1)
One of your tentacles bears a large vicious spike.


Message History

You release your grip on the orc.
The orc hits you with a +0 club. The orc hits you with a +0 club.
You hit the orc.
The orc is poisoned.
You grab the orc.
You pierce the orc.
You squeeze the orc.
The orc is almost dead.
You constrict the orc.
You kill the orc!
You hit the goblin.
You kill the goblin!
The orc throws a boomerang.
The boomerang closely misses you.
The weapon returns to the orc!
The orc hits you with a +0 falchion.
* * * LOW HITPOINT WARNING * * *
Things that are here:
a +0 dagger; a +0 club; an orc corpse You completely miss the orc.
Your grab misses the orc. Your squeeze misses the orc.
The orc is moderately wounded.
The orc hits you with a +0 falchion.
You die...

.. #.. ... .# #.. ..#
#.. ..
##..###.####.####..###
........ ............
#.#.... ...#.#...#
.....# #.##.#...#
#.<####.#.$....#
#.....@o)......#
##.†######....#.#
#...## ##...# #....#
#....# #....# #._.....
###..# #......... #).#
[......... #..#
#.#####.##. #..# #.#
.#


You could see an orc.

Vanquished Creatures
  Natasha (D:2)
  Terence (D:3)
  Robin (D:2)
  A gnoll (D:1)
  5 adders
  2 worms
  2 dart slugs
  A leopard gecko (D:1)
  3 orcs (D:3)
  4 giant cockroaches
  13 goblins
  8 hobgoblins
  8 kobolds
  2 quokkas (D:2)
  6 bats
  3 frilled lizards
  4 rats
65 creatures vanquished.

Vanquished Creatures (others)
  A frilled lizard (D:3)
1 creature vanquished.

Grand Total: 66 creatures vanquished

Notes
Turn   | Place    | Note
-------+----------+-------------------------------------------
     0 | D:1      | vvl the Octopode Transmuter began the quest for the Orb.
     0 | D:1      | Reached XP level 1. HP: 13/13 MP: 3/3
    26 | D:1      | Reached skill level 1 in Poison Magic
   163 | D:1      | Reached XP level 2. HP: 18/18 MP: 5/5
   345 | D:1      | Reached XP level 3. HP: 23/23 MP: 6/6
  1424 | D:2      | Reached XP level 4. HP: 28/28 MP: 5/7
  1769 | D:2      | Noticed Natasha
  1777 | D:2      | Killed Natasha
  1787 | D:2      | Noticed Robin
  1813 | D:1      | HP: 1/28 [poisoned by an adder]
  2234 | D:2      | Killed Robin
  2235 | D:2      | Reached XP level 5. HP: 26/33 MP: 6/8
  2508 | D:3      | Noticed Terence
  2521 | D:3      | Killed Terence
  2528 | D:3      | Learned a level 3 spell: Spider Form
  2656 | D:3      | Found a radiant altar of Vehumet.
  3155 | D:3      | Found a bloodstained altar of Trog.
  3179 | D:3      | Slain by an orc

Illustrated notes

Levels and vault maps discovered:
D:1:      minmay_arrival_up_and_down, layout_rooms
D:2:      layout_basic, amcnicky_mini_corridor_feature, patterned_corridor,
          uniq_natasha, uniq_robin
D:3:      layout_loops_ring, fiery_altar_vehumet, grunt_gozag_statues,
          bloody_trog, makhleb_altar_promises_db, uniq_ijyb, uniq_terence

Skill      XL: |  1  2  3  4  5 |
---------------+----------------+-----
Poison Magic   | 1 2 3 4 |  4.2
Transmutations | 3 4 |  4.1
Fighting       | |  1.0
Dodging        | |  2.0
Unarmed Combat | |  3.0
Spellcasting   | |  2.1

Action                   |  1- 3 |  4- 6 || total
-------------------------+-------+-------++-------
Melee: Unarmed           |    14 |       ||    14
       Constrict         |    16 |    26 ||    42
       Dagger            |    41 |    83 ||   124
       Tentacles         |     9 |    18 ||    27
       Kick              |     4 |    22 ||    26
       Punch             |       |     4 ||     4
 Cast: Beastly Appendage |     4 |    11 ||    15
 Stab: Sleeping          |     7 |     3 ||    10
Armor: Skin              |     9 |     8 ||    17
Dodge: Dodged            |    37 |    49 ||    86
